 Dungeon Crawl Stone Soup version 0.29-a0-414-g5075937ec3 (webtiles) character file.

Game seed: 11566134428461854448

7620 trckry the Fighter (level 10, -15/96 HPs)
             Began as a Demonspawn Wanderer on May 15, 2022.
             Was a Plaything of Xom.
             Demolished by a centaur warrior simulacrum (28 damage)
             ... on level 11 of the Dungeon.
             The game lasted 00:17:32 (8166 turns).

trckry the Fighter (Demonspawn Wanderer)            Turns: 8166, Time: 00:17:33

Health: -15/96     AC: 17    Str: 17    XL:     10   Next: 98%
Magic:  11/11      EV:  7    Int: 12    God:    Xom [......]
Gold:   699        SH:  0    Dex: 20    Spells: 11/11 levels left

rFire   . . .      SeeInvis .   b - +4 quarterstaff (chaos)
rCold   . . .      Faith    .   (shield currently unavailable)
rNeg    . . .      Spirit   .   N - +0 plate armour
rPois   .          Reflect  .   c - +0 helmet
rElec   .          Harm     .   C - +0 cloak
rCorr   .          Rampage  .   (no gloves)
Will    .....      Clarity  +   k - +0 pair of boots
Stlth   ..........              (no amulet)
HPRegen 1.06/turn               j - +6 ring of dexterity
MPRegen 0.12/turn               (no ring)

@: no status effects
A: molten scales 1, foul stench 3, spiny 1, demonic touch 2, clarity,
regeneration 1, robust 1, MP-powered wands
a: Renounce Religion


You were on level 11 of the Dungeon.
You worshipped Xom.
You were a very special plaything of Xom.
You visited 1 branch of the dungeon, and saw 11 of its levels.
You also visited: Ossuary.

You collected 721 gold pieces.
You spent 22 gold pieces at shops.

Inventory:

Hand Weapons
 a - a +1 hunting sling of flaming
 b - a +4 quarterstaff of chaos (weapon)
Missiles
 t - a throwing net
Armour
 c - a +0 helmet (worn)
 k - a +0 pair of boots (worn)
 C - a +0 cloak (worn)
 N - a +0 plate armour (worn)
Jewellery
 j - a +6 ring of dexterity (left hand)
Wands
 D - a wand of paralysis (15)
 E - a wand of polymorph (13)
 F - a wand of flame (21)
 H - a wand of digging (6)
 L - a wand of iceblast (18)
Scrolls
 e - 2 scrolls of enchant armour {unknown}
 g - 4 scrolls of fear {unknown}
 i - 10 scrolls of identify {unknown}
 m - 2 scrolls of silence {unknown}
 n - 3 scrolls of torment {unknown}
 p - 2 scrolls of immolation {unknown}
 r - 2 scrolls of poison {unknown}
 w - 2 scrolls of summoning
 x - 4 scrolls of teleportation {unknown}
 y - a scroll of vulnerability {unknown}
 G - 3 scrolls of fog {unknown}
 K - 2 scrolls of brand weapon {unknown}
 M - a scroll of blinking {unknown}
Potions
 d - a potion of haste
 f - a potion of heal wounds
 h - 3 potions of lignification {unknown}
 l - 3 potions of flight {unknown}
 o - 7 potions of curing
 q - 3 potions of brilliance {unknown}
 s - 3 potions of ambrosia {unknown}
 u - a potion of mutation {unknown}
 v - 3 potions of attraction {unknown}
 z - a potion of magic {unknown}
 A - 2 potions of berserk rage
 B - 2 potions of degeneration
 I - 2 potions of cancellation {unknown}
 J - 2 potions of might {unknown}


   Skills:
 - Level 11.4 Fighting
 * Level 9.7 Staves
 - Level 1.7(1.9) Slings
 - Level 1.0(1.5) Throwing
 + Level 4.0 Armour
 + Level 4.0 Dodging
 - Level 1.7 Stealth
 - Level 1.0 Spellcasting
 + Level 3.0 Evocations


You had 11 spell levels left.
You didn't know any spells.
Your spell library contained the following spells:

 Spells                   Type           Power      Damage    Failure   Level
 Magic Dart               Conj           0%         1d3       100%        1
 Ensorcelled Hibernation  Hex/Ice        0%         N/A       100%        2
 Searing Ray              Conj           0%         2d4       100%        2
 Ignite Poison            Fire/Tmut/Pois 0%         N/A       100%        3
 Mephitic Cloud           Conj/Pois/Air  0%         N/A       100%        3
 Spider Form              Tmut/Pois      0%         N/A       100%        3
 Anguish                  Hex/Necr       0%         N/A       100%        4
 Fulminant Prism          Conj/Hex       0%         3d6       100%        4
 Freezing Cloud           Conj/Ice/Air   0%         6-21      100%        5
 Iskenderun's Battlesphe  Conj           0%         2d6       100%        5
 Iron Shot                Conj/Erth      0%         9d1       100%        6
 Spellforged Servitor     Conj/Summ      0%         N/A       100%        7


Dungeon Overview and Level Annotations

Branches:
Dungeon (11/15)            Temple (0/1) D:4            Lair (0/6) D:10
    Orc (0/2) D:9         Ossuary (visited)

Altars:
Kikubaaqudgha
Xom
The Shining One

Shops:
D:10 !(

Annotations:
D:8 3 runed translucent doors, HendSelp's ghost, novice HuMo


Innate Abilities, Weirdness & Mutations

You are partially covered in molten scales. (AC +2)
You frequently emit foul miasma when damaged in melee.
You are partially covered in sharp spines.
Your touch may inflict irresistible damage on your foes.
You possess an exceptional clarity of mind.
Your natural rate of healing is unusually fast.
You are robust. (+10% HP)
You expend magic power (3 MP) to strengthen your wands.


Message History

You sock the white imp! You burn the white imp.
You kill the white imp!
The polar bear shakes off its lethargy.
The polar bear goes berserk!
You sock the yak! You freeze the yak.
The yak is moderately wounded.
The yak is struck by your spines. The yak gores you but does no damage.
You hear a bellow!
You hit the yak but do no damage.
The yak is heavily wounded.
The yak gores you but does no damage.
You completely miss the yak.
The yak is heavily wounded.
The yak gores you but does no damage.
You sock the yak! You burn the yak.
The yak is almost dead.
You sock the yak! You burn the yak.
You kill the yak!
You hit the polar bear but do no damage.
The polar bear seems to grow stronger.
The polar bear is almost dead.
The polar bear is struck by your spines.
You kill the polar bear!
Your Armour skill increases to level 4!
Your Dodging skill increases to level 4!
Your Evocations skill increases to level 3!
You sock the ufetubus!
You kill the ufetubus!
The centaur warrior simulacrum is struck by your spines.
The centaur warrior simulacrum hits you.
The centaur warrior simulacrum freezes you!!
You emit a cloud of foul miasma!
The centaur warrior simulacrum kicks you.
The centaur warrior simulacrum freezes you!
* * * LOW HITPOINT WARNING * * *
The centaur warrior simulacrum is struck by your spines.
The centaur warrior simulacrum hits you!
* * * LOW HITPOINT WARNING * * *
The centaur warrior simulacrum freezes you!!
You die...
Xom cackles wildly!

....∩..∩§...≈≈≈.
.≈........≈≈≈≈≈.
≈≈≈≈≈Y≈≈†.≈≈....
≈≈.≈≈≈≈Y......######
.......ZhY...#.....#
.....###.#.#.#####.#
.....#...#.#... #.# ....
#.#.#.#####.#.# ....
#.#..YZ@....#.# ... +
#.#########.#
#...........#
######.###### ##..######
#.....^... ####+#####
#..(......
.........#######....)....
...<.....'....##.........


You could see a yak and a centaur warrior simulacrum.

Vanquished Creatures
  A komodo dragon (D:10)
  A kobold demonologist (D:9)
  A troll (D:10)
  Prince Ribbit (D:5)
  A polar bear (D:11)
  A vampire (D:10)
  A wraith (D:9)
  2 wyverns (D:10)
  6 yaks
  3 steam dragons
  Edmund (D:5)
  4 water moccasins
  2 orc warriors
  Duvessa (D:4)
  3 sky beasts
  4 black bears
  An ice beast (D:11)
  A wolf (D:11)
  4 centaurs
  3 ogres
  A phantom (D:7)
  2 bullfrogs
  A gnoll sergeant (D:8)
  3 necrophages
  5 scorpions
  Dowan (D:4)
  13 killer bees
  A howler monkey (D:6)
  4 hounds
  A jelly (D:5)
  Crazy Yiuf (D:6)
  A gnoll shaman (D:9)
  4 orc priests
  7 orc wizards
  4 iguanas
  8 mummies (Ossuary)
  8 adders
  14 gnolls
  A shadow imp (D:7)
  5 white imps
  4 ufetubi
  3 worms
  A dart slug (D:5)
  20 orcs
  8 endoplasms
  4 giant cockroaches
  3 gnoll zombies (Ossuary)
  3 goblins
  5 hobgoblins (D:2)
  4 jackals (D:1)
  3 quokkas
  7 ball pythons
  4 bats
  3 frilled lizards
  3 hobgoblin zombies (Ossuary)
  A kobold (D:3)
  A kobold zombie (Ossuary)
  An orc zombie (Ossuary)
  3 rats
208 creatures vanquished.

Vanquished Creatures (collateral kills)
  A black bear (D:4)
  An orc (D:8)
2 creatures vanquished.

Vanquished Creatures (others)
  A bullfrog (D:10)
  An orc wizard (D:4)
  28 fungi
  30 plants (D:10)
60 creatures vanquished.

Grand Total: 270 creatures vanquished

Notes
Turn   | Place    | Note
-------+----------+-------------------------------------------
     0 | D:1      | trckry the Demonspawn Wanderer began the quest for the Orb.
     0 | D:1      | trckry set off with the following items: a +2 hunting
                  | sling, a +0 quarterstaff, a +0 helmet, a potion of haste, a
                  | +0 leather armour
     0 | D:1      | Reached XP level 1. HP: 16/16 MP: 2/2
   387 | D:1      | Gained mutation: You may rarely emit foul miasma when
                  | damaged in melee. [demonic ancestry]
   387 | D:1      | Reached XP level 2. HP: 23/23 MP: 3/3
   470 | D:1      | Reached skill level 3 in Fighting
   726 | D:2      | Found a faded altar of an unknown god.
   738 | D:2      | Prayed at the altar of an unknown god.
   738 | D:2      | Became a worshipper of Xom the Tricky
   747 | D:2      | XOM: divination: detect creatures
   815 | D:2      | Gained mutation: You are partially covered in molten
                  | scales. (AC +2) [demonic ancestry]
   815 | D:2      | Reached XP level 3. HP: 29/29 MP: 4/4
   849 | D:2      | XOM: potion effect (haste)
   950 | D:2      | Reached skill level 4 in Fighting
   990 | D:2      | Found an ancient bone altar of Kikubaaqudgha.
  1206 | D:3      | Gained mutation: You sometimes emit foul miasma when
                  | damaged in melee. [demonic ancestry]
  1206 | D:3      | Reached XP level 4. HP: 38/38 MP: 5/5
  1274 | D:3      | XOM: divination: detect creatures
  1561 | D:3      | Noticed an ogre
  1565 | D:3      | Killed an ogre
  1566 | D:3      | Reached skill level 5 in Fighting
  1566 | D:3      | Gained mutation: Your touch may inflict minor irresistible
                  | damage on your foes. [demonic ancestry]
  1566 | D:3      | Reached XP level 5. HP: 46/46 MP: 6/6
  1782 | D:4      | XOM: noise
  1852 | D:4      | Reached skill level 6 in Fighting
  1987 | D:4      | XOM: polymorph gnoll -> giant cockroach
  1988 | D:4      | XOM: confuse monster(s)
  2159 | D:4      | XOM: noise
  2163 | D:4      | XOM: butterfly on damage
  2167 | D:4      | HP: 4/46 [gnoll/+0 halberd (10)]
  2549 | D:4      | Gained mutation: You are partially covered in sharp spines.
                  | [demonic ancestry]
  2549 | D:4      | Reached XP level 6. HP: 42/53 MP: 7/7
  2629 | D:4      | Found a staircase to the Ecumenical Temple.
  3025 | D:4      | XOM: scenery: summon butterflies
  3059 | D:4      | Noticed Duvessa
  3061 | D:4      | Noticed Dowan
  3065 | D:4      | Killed Duvessa
  3066 | D:4      | Reached skill level 7 in Fighting
  3073 | D:4      | XOM: noise
  3074 | D:4      | Killed Dowan
  3074 | D:4      | XOM: cast spell 'Monstrous Menagerie'
  3076 | D:4      | Reached skill level 8 in Fighting
  3076 | D:4      | Gained mutation: You frequently emit foul miasma when
                  | damaged in melee. [demonic ancestry]
  3076 | D:4      | Reached XP level 7. HP: 62/62 MP: 8/8
  3144 | D:5      | Entered Level 5 of the Dungeon
  3351 | D:5      | Noticed Prince Ribbit
  3367 | D:5      | Killed Prince Ribbit
  3368 | D:5      | Reached skill level 9 in Fighting
  3437 | D:5      | Reached XP level 8. HP: 64/71 MP: 9/9
  3447 | D:5      | Noticed Edmund
  3450 | D:5      | XOM: swap monsters
  3452 | D:5      | HP: 10/71 [poisoned by a gnoll]
  3456 | D:5      | Killed Edmund
  3457 | D:5      | Reached skill level 10 in Fighting
  3472 | D:5      | Reached skill level 11 in Fighting
  3934 | D:6      | Reached skill level 1 in Armour
  3934 | D:6      | Reached skill level 1 in Dodging
  4002 | D:6      | XOM: snakes to sticks
  4007 | D:6      | XOM: summons 2 friendly demons
  4011 | D:6      | XOM: confusion (+ monsters)
  4016 | D:6      | XOM: fake destruction
  4025 | D:6      | Gained mutation: Your touch may inflict irresistible damage
                  | on your foes. [demonic ancestry]
  4025 | D:6      | Reached XP level 9. HP: 33/81 MP: 10/10
  4322 | D:6      | Identified the -1 cloak of Noughts and Crosses {Contam rN++
                  | Str+4 SInv}
  4373 | D:6      | XOM: 2-stop teleportation journey
  4726 | D:6      | Found a runed translucent door.
  4727 | D:6      | Noticed Crazy Yiuf
  4733 | D:6      | Killed Crazy Yiuf
  4800 | D:7      | XOM: 3-stop teleportation journey
  4871 | D:7      | XOM: 4-stop teleportation journey
  4993 | D:7      | XOM: 8-stop teleportation journey
  5403 | D:7      | XOM: god gift: 6 javelins
  5416 | D:7      | XOM: cloud trail
  5589 | D:7      | XOM: divination: detect creatures
  5631 | D:7      | XOM: give mutations
  5631 | D:7      | Gained mutation: You are robust. (+10% HP) [Xom's grace]
  5631 | D:7      | Gained mutation: You possess an exceptional clarity of
                  | mind. [Xom's grace]
  5799 | D:8      | XOM: god gift: 21 stones
  5807 | D:8      | Reached skill level 5 in Staves
  5998 | D:8      | XOM: smoke on damage
  5999 | D:8      | XOM: summons friendly white imp
  6001 | D:8      | XOM: scenery: 1 doors open
  6196 | D:8      | Found a sand-covered staircase.
  6201 | Ossuary  | Entered an ossuary
  6348 | Ossuary  | XOM: give mutations
  6348 | Ossuary  | Gained mutation: You expend magic power (3 MP) to
                  | strengthen your wands. [Xom's grace]
  6348 | Ossuary  | Gained mutation: Your natural rate of healing is unusually
                  | fast. [Xom's grace]
  6418 | Ossuary  | XOM: noise
  6685 | D:8      | Found a runed translucent gate.
  6685 | D:8      | Found a runed translucent gate.
  6685 | D:8      | Found a runed translucent gate.
  6687 | D:8      | Noticed a kobold demonologist
  6687 | D:8      | Noticed HendSelp's ghost (novice HuMo)
  6821 | D:8      | XOM: scenery: summon butterflies
  6882 | D:9      | XOM: noise
  6895 | D:9      | XOM: confuse monster(s)
  6942 | D:9      | Found a staircase to the Orcish Mines.
  6962 | D:9      | XOM: enchant monster (bad)
  6968 | D:9      | Reached XP level 10. HP: 94/96 MP: 11/11
  7206 | D:9      | Noticed a rust devil
  7207 | D:9      | XOM: repel stairs
  7211 | D:9      | Noticed a smoke demon
  7390 | D:10     | Entered Level 10 of the Dungeon
  7406 | D:10     | XOM: butterfly on damage
  7408 | D:10     | XOM: silly message
  7416 | D:10     | Reached skill level 1 in Evocations
  7464 | D:10     | XOM: god gift: encrusted emerald ring {god gift}
  7495 | D:10     | Found a staircase to the Lair.
  7682 | D:10     | XOM: summons 3 friendly demons
  7743 | D:10     | XOM: summons 3 hostile demons
  7747 | D:10     | XOM: noise
  7829 | D:10     | Found Cucsis's Distillery.
  7830 | D:10     | Found Cait Rosm's Antique Weapon Boutique.
  7842 | D:10     | Bought 2 potions of degeneration for 22 gold pieces
  7849 | D:10     | XOM: summons 1 hostile shadow creature
  8135 | D:11     | XOM: swap monsters
  8136 | D:11     | XOM: chaos cloud
  8138 | D:11     | XOM: polymorph ufetubus -> ufetubus
  8166 | D:11     | HP: 13/96 [centaur warrior simulacrum (7)]
  8166 | D:11     | Demolished by a centaur warrior simulacrum

Illustrated notes

Levels and vault maps discovered:
D:1:      amcnicky_arrival_single_pillar, layout_rooms, serial_rivers,
          chequers_serial_rivers_large_a, chequers_serial_rivers_room_b,
          chequers_serial_rivers_room_a, chequers_serial_rivers_micro_b,
          chequers_serial_rivers_small_a, chequers_serial_rivers_micro_c,
          serial_bayou_crossing
D:2:      layout_rooms, basic_altar, basic_ecumenical_altar, nrook_loot_triangle
D:3:      layout_rooms, serial_park_tiny_1
D:4:      layout_cave_pods, minmay_temple_entry_offerings, uniq_duvessa
D:5:      layout_gridville, uniq_edmund, uniq_prince_ribbit1
D:6:      layout_basic, uniq_crazy_yiuf_cottage
D:7:      layout_basic, serial_rivers, chequers_serial_rivers_room_b,
          chequers_serial_rivers_marsh, chequers_serial_rivers_large_b,
          chequers_serial_rivers_marsh
D:8:      layout_basic, mainiacjoe_overflow_tiny_flanked,
          gammafunk_ghost_nasty_kobolds, nicolae_ossuary_entry_plus
D:9:      layout_gridville, orc_0_dummy
D:10:     layout_rooms, due_lair_maze_entry_diamond, nicolae_wooded_promenade,
          eino_curves_04, minmay_misc_feat_diagonals
D:11:     layout_roguey, serial_ice, serial_ice_f, serial_ice_a, serial_ice_i,
          serial_ice_g

Skill      XL: |  1  2  3  4  5  6  7  8  9 10 |
---------------+-------------------------------+-----
Fighting       | 3 4 5 6 8 9 11 | 11.4
Armour         | 2 4 |  4.0
Dodging        | 2 4 |  4.0
Staves         | 7 9 |  9.7
Evocations     | 3 |  3.0
Slings         | |  1.7
Throwing       | |  1.0
Stealth        | |  1.7
Spellcasting   | |  1.0

Action                   |  1- 3 |  4- 6 |  7- 9 | 10-12 || total
-------------------------+-------+-------+-------+-------++-------
Melee: Quarterstaff      |       |    70 |   237 |   140 ||   447
 Fire: Hunting sling     |    90 |    50 |       |       ||   140
  Use: Potion            |       |     1 |     4 |       ||     5
 Stab: Paralysed         |       |       |       |     5 ||     5
Armor: Leather armour    |    10 |    26 |       |       ||    36
       Chain mail        |       |    20 |   159 |    26 ||   205
       Plate armour      |       |       |       |   111 ||   111
Dodge: Dodged            |    13 |    64 |    95 |    51 ||   223

Table legend: (Time is in decaauts)
 A = Elapsed time spent in this place.
 B = Non-inter-level travel time spent in this place.
 C = Inter-level travel time spent in this place.
 D = Time resting spent in this place.
 E = Time spent auto-exploring this place.
 F = Levels seen in this place.
 G = Mean time per level.
                   A        B        C        D        E       F      G
               +--------+--------+--------+--------+--------+-----+--------+
         Total |   8290 |   8096 |    194 |    469 |   5852 |  12 |  690.8 |
       Dungeon |   7939 |   7745 |    194 |    347 |   5747 |  11 |  721.7 |
       Ossuary |    351 |    351 |      0 |    122 |    105 |   1 |  351.0 |
               +--------+--------+--------+--------+--------+-----+--------+

Top non-repeatable levels by time:
     D:7: 1046 daAuts
     D:3: 1025 daAuts
     D:4: 979 daAuts
     D:6: 938 daAuts
     D:1: 737 daAuts
     D:8: 729 daAuts
     D:5: 710 daAuts
    D:10: 689 daAuts
     D:9: 525 daAuts
     D:2: 481 daAuts
 Ossuary: 351 daAuts
    D:11: 75 daAuts
